TKirby, chaotic male elven Wizard ---------############## #........+############## #|.......|# #|..<...[|# ##---------f ##########B# # @ # TKirby the Conjurer Experience level: 4 Strength: 8 Dexterity: 13 Constitution: 15 Intelligence: 18 Wisdom: 9 Charisma: 13 Health: 0(32) Energy: 36(46) Def: 1 Gold: 280 Moves: 1516 Dungeon seed: uDRjjh0x5l5HhqUC Game ID: TKirby_1507314228 Your Inventory: Coins $ - 280 gold pieces Weapons a - a blessed +1 quarterstaff (weapon in hands) Armor e - an uncursed +0 cloak of magic resistance (being worn) r - an uncursed +1 cloak of invisibility y - an uncursed +0 oilskin cloak Comestibles p - 4 uncursed tripe rations Scrolls i - an uncursed scroll of punishment j - an uncursed scroll of genocide k - an uncursed scroll of gold detection s - an uncursed scroll of identify t - an uncursed scroll of magic mapping Spellbooks l - a blessed spellbook of force bolt m - an uncursed spellbook of sleep x - an uncursed spellbook of force bolt Potions f - an uncursed potion of object detection g - an uncursed potion of speed h - 2 uncursed potions of confusion v - an uncursed potion of healing w - an uncursed potion of water Rings c - an uncursed +2 ring of gain constitution d - an uncursed ring of poison resistance Wands b - a wand of polymorph (0:8) Tools n - an uncursed leather drum o - an expensive camera (0:42) Gems q - an uncursed worthless piece of orange glass Spells and supernatural/magical abilities: Name Level Category Fail Memory a - force bolt 1 attack 0% 93% z - sleep 1 enchantment 0% 93% W - pray for help -- divine ? -- Your skills at the end: Fighting Skills Weapon Skills quarterstaff [Basic] Spellcasting Skills attack spells [Basic] enchantment spells [Basic] Final Attributes: You were piously aligned. You were sleep resistant. You were magic-protected. You were telepathic. You had infravision. You were lucky. You are dead. Vanquished creatures: a floating eye 3 iguanas 2 acid blobs a coyote a giant rat 2 gnomes 2 geckos 6 jackals 2 foxes a kobold 2 sewer rats 4 grid bugs a lichen a kobold zombie 2 newts 31 creatures vanquished. Voluntary challenges: You were an atheist. You used a wielded weapon 34 times, starting on turn 2. You were illiterate. You never genocided any monsters. You never polymorphed an object. You never changed form. You used no wishes. You never split a pudding. You never wrote Elbereth's name. You never violated your personal moral code. Dungeon overview: The Dungeons of Doom: levels 1 to 5 Level 1 a long staircase Level 2 a fountain Level 3 Level 4 Level 5 <- You were here History has recorded: On T:1 you entered the Dungeons of Doom to retrieve the Amulet of Yendor! On T:529 you reached level 2 of The Dungeons of Doom. On T:571 you advanced to experience level 2. On T:650 you reached level 3 of The Dungeons of Doom. On T:924 you reached level 4 of The Dungeons of Doom. On T:1011 you advanced to experience level 3. On T:1440 you reached level 5 of The Dungeons of Doom. On T:1511 you advanced to experience level 4. Score breakdown: Gold: 280 ( 8329 points) Experience: 4 levels ( 9649 points) Exploration: 5 levels ( 9.80%) ( 8485 points) Discoveries: 0 items ( 0.00%) ( 0 points) Valuables value: (no points given unless you survive) Artifact value: 0 ( 0 points) Variety of kills: 15 monsters ( 3.94%) ( 5952 points) Turncount: 1516 turns ( 0 points) Survival: died (score multiplied by 80%) Total score: 25932 Latest messages: You stop exploring. You hit the gnome. You feel tough! You must be leading a healthy life-style. You miss the gnome. The gnome hits! You kill the gnome! You stop exploring. The giant rat bites! You miss the giant rat. The giant rat bites! You hit the giant rat. The giant rat bites! You kill the giant rat! Welcome to experience level 4. You feel awake! You see here 2 food rations. The bat bites! (6x) The bat bites! The bat bites! (2x) You die... Final status: Goodbye TKirby the Wizard, killed by a bat... You died in The Dungeons of Doom on dungeon level 5 with 25932 points, and 280 pieces of gold, after 1516 moves. You were level 4 with a maximum of 32 hit points when you died.